 Dungeon Crawl Stone Soup version 0.30-a0-465-g8901f6c8b5 (webtiles) character file.

Game seed: 1336599020940280576

240234 Zonian the Eclecticist (level 20, -3/155 HPs)
             Began as a Djinni Ice Elementalist on Dec 18, 2022.
             Was an Elder of Ashenzari.
             Killed from afar by a deep elf zephyrmancer (28 damage)
             ... with a bolt of lightning
             ... on level 1 of the Elven Halls.
             The game lasted 03:19:41 (69443 turns).

Zonian the Eclecticist (Djinni Ice Elementalist)   Turns: 69443, Time: 03:19:42

Health: -3/155     AC: 25    Str:  7    XL:     20   Next: 9%
Gold:   2422       EV: 10    Int: 25    God:    Ashenzari [****..] SH: 14 Dex: 18

rFire   + . .      SeeInvis +    U - +6 demon blade (venom)
rCold   + + .      Faith    .    k - +3 buckler of the Tethered Blue Moon {Self, Fort} (curse)
rNeg    . . .      Spirit   .    f - +3 ice dragon scales
rPois   ∞          Reflect  +    p - +2 helmet {Int+3}
rElec   .          Harm     .    Y - scarf of the Wild Blue Yonder {repulsion, Self, Range} (curse)
rCorr   .          Rampage  .    B - +0 pair of gloves of Ashenzari's Irritation {Melee, Range} (curse)
Will    ++...      Clarity  +    (boots unavailable)
Stlth   ++........               z - amulet "Bound Fortune-Teller" {Reflect SH+5, Evo, Melee} (curse)
HPRegen 0.45/turn                K - ring of Ashenzari's Dismay {rC+, Evo, Cun} (curse)
MPRegen 0.00/turn                Q - ring "Celestial Seer" {AC+4, Melee, Evo} (curse)

@: flying, very slightly contaminated, repel missiles
A: sickness immunity, fire resistance 2, cold vulnerability 1, float, innate
caster, HP casting, extra vitality 1
}: 2/15 runes: decaying, serpentine
a: Renounce Religion, Shatter the Chains


You were on level 1 of the Elven Halls.
You worshipped Ashenzari.
Ashenzari was greatly pleased with you.
You visited 7 branches of the dungeon, and saw 32 of its levels.
You visited the Abyss 1 time.

You collected 4513 gold pieces.
You spent 2091 gold pieces at shops.

Inventory:

Hand Weapons
 c - a +4 trident of venom
 e - a +0 dagger
 A - a +5 dagger of draining
 C - a +3 scimitar of freezing
 D - a +0 vampiric rapier
 H - a +1 vorpal sling
 S - the +3 sling "Widowermaker" {vorpal, Fly}
   (You bought it in a shop on level 2 of the Dungeon)

   Any ammunition fired from it inflicts extra damage upon your enemies.
   Fly:       It grants you flight.
 U - a +6 demon blade of venom (weapon)
Missiles
 d - 50 poisoned darts
 g - 4 atropa-tipped darts
 F - 4 curare-tipped darts
 I - 3 datura-tipped darts
 X - 13 javelins
Armour
 f - +3 ice dragon scales (worn)
 k - the cursed +3 buckler of the Tethered Blue Moon (worn) {Self, Fort}
   (You found it on level 14 of the Dungeon)

   It has a curse which improves the following skills: Introspection: Fighting
   and Spellcasting.
   Fortitude: Armour and Shields.
 p - a +2 helmet of intelligence (worn)
 B - the cursed +0 pair of gloves of Ashenzari's Irritation (worn) {Melee, Range}
   (You found it on level 6 of the Dungeon)

   It has a curse which improves the following skills: Melee Combat: Short
   Blades, Long Blades, Axes, Maces & Flails, Polearms, Staves and Unarmed
   Combat.
   Ranged Combat: Ranged Weapons and Throwing.
 J - a +2 robe of willpower
 W - the +9 storm dragon scales "Vocachud" {rElec rN+}
   (You found it on level 1 of the Swamp)

   rElec:     It insulates you from electricity.
   rN:        It protects you from negative energy.
 Y - the cursed scarf of the Wild Blue Yonder (worn) {repulsion, Self, Range}
   (You acquired it on level 3 of the Snake Pit)

   It has a curse which improves the following skills: Introspection: Fighting
   and Spellcasting.
   Ranged Combat: Ranged Weapons and Throwing.
Jewellery
 u - a +4 ring of evasion
 z - the cursed amulet "Bound Fortune-Teller" (around neck) {Reflect SH+5, Evo, Melee}
   (You found it on level 4 of the Dungeon)

   [amulet of reflection]

   It reflects blocked missile attacks.
   SH:        It affects your SH (+5).
   It has a curse which improves the following skills: Evocations: Evocations.
   Melee Combat: Short Blades, Long Blades, Axes, Maces & Flails, Polearms,
   Staves and Unarmed Combat.
 K - the cursed ring of Ashenzari's Dismay (left hand) {rC+, Evo, Cun}
   (You found it on level 9 of the Dungeon)

   [ring of protection from cold]

   rC:        It protects you from cold.
   It has a curse which improves the following skills: Evocations: Evocations.
   Cunning:   Dodging and Stealth.
 Q - the cursed ring "Celestial Seer" (right hand) {AC+4, Melee, Evo}
   (You found it on level 2 of the Lair of Beasts)

   [ring of protection]

   AC:        It affects your AC (+4).
   It has a curse which improves the following skills: Melee Combat: Short
   Blades, Long Blades, Axes, Maces & Flails, Polearms, Staves and Unarmed
   Combat.
   Evocations: Evocations.
 V - a ring of fire
 Z - a +6 ring of intelligence
Wands
 a - a wand of flame (22)
 m - a wand of quicksilver (2)
 y - a wand of digging (7)
 M - a wand of mindburst (27)
 N - a wand of paralysis (20)
 P - a wand of polymorph (19)
 T - a wand of roots (3)
Scrolls
 l - 4 scrolls of fear
 o - 3 scrolls of fog
 q - 4 scrolls of poison
 s - a scroll of silence
 w - 5 scrolls of teleportation
 x - 7 scrolls of magic mapping
 O - a scroll of blinking
Potions
 b - 5 potions of haste
 i - 3 potions of lignification
 j - 5 potions of brilliance
 n - 5 potions of ambrosia
 r - a potion of heal wounds
 t - a potion of resistance
 v - 8 potions of curing
 G - 7 potions of might
Miscellaneous
 R - a phial of floods


   Skills:
 - Level 14.6(17.4) Fighting
 - Level 8.4(12.4) Short Blades
 - Level 2.4(7.6) Long Blades
 - Level 8.4(11.4) Ranged Weapons
 + Level 9.9(11.9) Armour
 - Level 9.5(11.4) Dodging
 - Level 5.6(7.5) Stealth
 - Level 3.9(5.7) Shields
 - Level 13.8(17.6) Unarmed Combat
 - Level 16.3(19.1) Spellcasting
 - Level 3.4(6.7) Evocations


You had 8 spell levels left.
You knew the following spells:

 Your Spells              Type           Power      Damage    Failure   Level
a - Freeze                Ice            100%       1d10      0%          1
b - Frozen Ramparts       Ice            100%       1d16      1%          3
c - Ozocubu's Armour      Ice            88%        N/A       1%          3
d - Summon Ice Beast      Ice/Summ       88%        N/A       1%          4
e - Slow                  Hex            100%       N/A       0%          1
f - Ensorcelled Hibernat  Hex/Ice        100%       N/A       0%          2
g - Vhi's Electric Charg  Tloc/Air       100%       N/A       1%          3
h - Summon Guardian Gole  Hex/Summ       88%        N/A       1%          3
i - Irradiate             Conj/Tmut      44%        3d26      1%          5
j - Blade Hands           Tmut           44%        N/A       1%          5
k - Eringya's Noxious Bo  Tmut/Pois      44%        N/A       1%          6
l - Ozocubu's Refrigerat  Ice            44%        4d17      9%          7
m - Statue Form           Tmut/Erth      58%        N/A       1%          6
Your spell library was empty.

Dungeon Overview and Level Annotations

Branches:
Dungeon (15/15)            Temple (1/1) D:4            Lair (5/5) D:10
  Swamp (4/4) Lair:2        Snake (4/4) Lair:2        Slime (0/5) Lair:5
    Orc (2/2) D:11            Elf (1/3) Orc:2        Vaults (0/5) D:13
 Depths (0/4) D:15

Altars:
Ashenzari
Elyvilon
Gozag
Hepliaklqana
Makhleb
Okawaru
Qazlal
Ru
Trog
Uskayaw
Wu Jian
Xom
Zin
The Shining One
Jiyva

Shops:
D:2 (*(([   D:6 [   Orc:1 ==(*=   Orc:2 [:*(   Snake:3 *   Snake:4 =

Portals:
Trove: D:12 (give +6 demon trident)

Annotations:
D:2 1 runed translucent door, Crazy Yiuf
D:15 Roxanne
Lair:1 exclusion: oklob plant
Snake:1 4 runed translucent doors, Josuitwi's ghost, adept MfGl


Innate Abilities, Weirdness & Mutations

You are immune to sickness and miasma.
You are immune to poison.
Your flesh is very heat resistant. (rF++)
You are vulnerable to cold. (rC-)
You float through the air rather than walking.
You learn spells naturally, not from books.
Your magical power is your life essence.
You have superior vitality. (+4 MHP)


Message History

The deep elf archer looks as sick as possible!
The deep elf archer is almost dead.
You block the fire elemental's attack.
The deep elf archer hits you but does no damage.
The fire elemental hits you. The fire elemental burns you! You resist.
Unknown command.
You closely miss the deep elf archer.
The deep elf archer is almost dead.
The deep elf zephyrmancer gestures wildly while chanting.
The deep elf zephyrmancer blinks!
You block the fire elemental's attack.
The deep elf archer gestures wildly while chanting.
The deep elf archer blinks!
Unknown command.
Unknown command.
You slice the fire elemental!!
You destroy the fire elemental!
The fire elemental disappears in a puff of smoke!
The deep elf archer is engulfed in blazing flames.
The deep elf archer dies!
You slice the fire elemental!!
The fire elemental is severely damaged.
The fire elemental hits you. The fire elemental burns you! You resist.
You block the fire elemental's attack.
Unknown command.
You slash the fire elemental!
The fire elemental is almost destroyed.
The deep elf zephyrmancer casts a spell at you.
The bolt of lightning hits the fire elemental!
The fire elemental resists.
The fire elemental is destroyed!
The fire elemental disappears in a puff of smoke!
The bolt of lightning hits you!!
Unknown command.
There is a staircase back to the Mines, spattered with blood here.
Unknown command.
The deep elf zephyrmancer gestures at you while chanting.
The bolt of lightning hits you!!
* * * LOW HITPOINT WARNING * * *
The bolt of lightning hits you!!
You die...

.e.e.e.#
# ,#e.#)#
#. ##.#e#
#..#..#e#
#.....#e#
#..#..#.#
#.*##.#)#
, ,
#..#..#)#
* *
+.....#@#
*
#########


You could see a deep elf pyromancer and 2 deep elf zephyrmancers.

Vanquished Creatures
  A tentacled monstrosity (Snake:2)
  Rupert (Orc:2)
  Asterion (Snake:2)
  3 thorn hunters
  16 nagarajas
  A fenstrider witch (Swamp:2)
  An azure jelly (Swamp:4)
  Aizul (Snake:2)
  An orc warlord (Orc:2)
  An eleionoma (Swamp:3)
  8 bunyips
  Snorg (Orc:2)
  An entropy weaver (shapeshifter) (D:14)
  2 fire dragons
  14 hydras
  2 catoblepae
  A rakshasa (D:15)
  3 ghost crabs
  2 salamander tyrants
  4 centaur warriors
  3 ice dragons
  3 two-headed ogres
  3 boulder beetles
  14 anacondas
  3 dancing weapons
  9 alligators
  6 death yaks
  14 naga warriors
  Urug (Orc:2)
  An orc high priest (Orc:2)
  26 naga sharpshooters
  Sonja (Lair:4)
  10 shock serpents
  A sixfirhy (Abyss:1)
  A deep elf knight (Elf:1)
  5 salamander mystics
  A fire crab (Lair:5)
  10 goliath frogs
  9 naga ritualists
  4 spriggan druids
  6 swamp dragons
  3 bog bodies
  A wizard (D:14)
  A lindwurm (Lair:5)
  4 deep elf pyromancers
  4 orc knights (Orc:2)
  2 deep elf zephyrmancers (Elf:1)
  19 salamanders
  12 mana vipers
  10 cyclopes
  6 will-o-the-wisps
  3 orc sorcerers
  5 manticores
  23 ugly things
  7 guardian serpents
  12 elephants
  7 naga magi
  Maurice (D:11)
  28 black mambas
  An eye of devastation (Swamp:4)
  5 molten gargoyles (D:14)
  A torpor snail (Lair:5)
  A gargoyle (D:11)
  An unseen horror (D:11)
  2 kobold demonologists (D:14)
  10 cane toads
  4 freezing wraiths (Swamp:4)
  3 rime drakes
  An efreet (D:15)
  A tengu conjurer (D:13)
  7 komodo dragons
  An ancient zyme (Abyss:1)
  2 polar bears (Lair:4)
  5 trolls
  8 tyrant leeches
  12 blink frogs
  6 hornets
  6 slime creatures
  10 dream sheep
  A centaur simulacrum (D:15)
  A large abomination (Abyss:1)
  A vampire (D:11)
  6 starcursed masses (Abyss:1)
  6 wyverns
  7 basilisks
  6 spriggans
  46 yaks
  4 wraiths
  Eustachio (D:4)
  A basilisk (shapeshifter) (D:15)
  A fire elemental (D:14)
  2 swamp worm simulacra (Swamp:4)
  3 steam dragons (Lair:5)
  28 vampire mosquitoes
  A warg (Orc:2)
  7 acid dragons
  31 nagas
  23 swamp worms
  14 hydra simulacra (Swamp:4)
  16 water moccasins
  26 orc warriors
  A hornet zombie (D:6)
  6 swamp drakes
  A black bear (shapeshifter) (D:15)
  4 ogres
  2 black bears
  10 wolves
  12 centaurs
  3 kobold brigands
  Blork the orc (D:4)
  7 bullfrogs
  5 scorpions
  A necrophage (D:7)
  2 gnoll sergeants
  7 earth elementals (D:12)
  11 wights
  2 jellies
  9 killer bees
  2 howler monkeys
  3 electric eels
  A centaur zombie (D:6)
  23 orc priests
  6 hounds
  A gnoll bouda (D:9)
  3 iguanas
  An iron imp (D:14)
  16 orc wizards
  6 hell rats (Lair:5)
  8 gnolls
  11 adders
  4 white imps
  An ufetubus (D:6)
  6 swamp drake simulacra (Swamp:4)
  2 worms
  53 orcs
  5 ball pythons
  6 bats
  8 endoplasms
  4 giant cockroaches
  8 hobgoblins
  7 quokkas
  5 frilled lizards
  6 goblins
  19 kobolds
  6 rats
  5 briar patches (Swamp:2)
973 creatures vanquished.

Vanquished Creatures (collateral kills)
  3 hydras
  A catoblepas (D:12)
  A swamp dragon (Lair:3)
  An ugly thing (D:14)
  A deep elf pyromancer (D:10)
  A manticore (D:10)
  A guardian serpent (Lair:2)
  2 cane toads (Lair:5)
  A komodo dragon (Lair:2)
  2 trolls (D:9)
  A blink frog (Lair:1)
  A slime creature (D:10)
  2 yaks
  A steam dragon (D:9)
  A swamp worm (Lair:2)
  A wolf (Lair:5)
  A phantom (D:7)
  A bullfrog (Lair:3)
  A necrophage (D:6)
  A wyvern zombie (D:6)
  4 wights
  5 killer bees (D:9)
  2 jellies (Lair:5)
  An iguana (Lair:5)
  A hell rat (Lair:5)
  A howler monkey zombie (D:6)
  An endoplasm (Lair:5)
40 creatures vanquished.

Vanquished Creatures (others)
  A centaur warrior (D:15)
  A hydra (Swamp:4)
  An alligator (Swamp:4)
  A deep elf archer (Elf:1)
  A swamp dragon (Swamp:4)
  A guardian serpent (Snake:4)
  A bloated husk (Swamp:4)
  A tyrant leech (Swamp:2)
  A hornet (Swamp:4)
  A spriggan (Swamp:4)
  A yak (Lair:2)
  A swamp worm (Lair:2)
  A wight (D:8)
  An electric eel (D:15)
  A gnoll bouda (D:7)
  2 briar patches (Swamp:4)
  24 foxfires
  29 fungi
  79 plants
149 creatures vanquished.

Grand Total: 1162 creatures vanquished

Notes
Turn   | Place    | Note
-------+----------+-------------------------------------------
     0 | D:1      | Zonian the Djinni Ice Elementalist began the quest for the
                  | Orb.
     0 | D:1      | Zonian set off with the following spells memorised: Freeze,
                  | Frozen Ramparts, Ozocubu's Armour, Summon Ice Beast.
     0 | D:1      | Reached XP level 1. HP: 15/15 MP: 0/0
   245 | D:1      | Reached XP level 2. HP: 21/21 MP: 0/0
   639 | D:1      | Found a faded altar of an unknown god.
   893 | D:2      | Reached XP level 3. HP: 16/25 MP: 0/0
   893 | D:2      | Learned a level 1 spell: Slow
  1138 | D:2      | Found Qiris's Weapon Shoppe.
  1170 | D:2      | Found Biso's Antique Armour Shop.
  1213 | D:2      | Found a runed translucent door.
  1214 | D:2      | Noticed Crazy Yiuf
  1425 | D:2      | Reached XP level 4. HP: 25/31 MP: 0/0
  1805 | D:2      | Found Zew Laam's Assorted Antiques.
  1806 | D:2      | Found Sehur's Antique Weapon Emporium.
  1809 | D:2      | Bought a murky pink potion for 22 gold pieces
  1809 | D:2      | Bought a scroll labelled LADOGI KIFRUNK for 25 gold pieces
  1809 | D:2      | Bought a scroll labelled HOSOIRPHUIPS for 25 gold pieces
  1809 | D:2      | Bought a smoky ruby potion for 22 gold pieces
  1835 | D:2      | Found Oxkamn's Weapon Emporium.
  2290 | D:3      | Reached XP level 5. HP: 35/35 MP: 0/0
  2290 | D:3      | Learned a level 2 spell: Ensorcelled Hibernation
  2380 | D:3      | Noticed an ice beast
  2554 | D:3      | Found an opulent altar of Gozag.
  2768 | D:3      | Found a hazy altar of Hepliaklqana.
  2851 | D:3      | Identified the +1 chain mail "Fuyk" {Fly Will+ Int+4}
  3159 | D:3      | Found a glowing silver altar of Zin.
  3391 | D:4      | Noticed Eustachio
  3787 | D:4      | Noticed a black bear
  3801 | D:4      | Killed a black bear
  3802 | D:4      | Reached skill level 4 in Spellcasting
  3802 | D:4      | Reached XP level 6. HP: 9/40 MP: 0/0
  4074 | D:4      | Noticed Blork the orc
  4167 | D:4      | Found a staircase to the Ecumenical Temple.
  4176 | Temple   | Entered the Ecumenical Temple
  4187 | Temple   | Became a worshipper of Ashenzari the Shackled
  4254 | D:4      | Noticed an ogre
  4327 | D:4      | Killed Blork the orc
  4328 | D:4      | Reached skill level 5 in Spellcasting
  4663 | D:4      | Killed Eustachio
  4664 | D:4      | Reached XP level 7. HP: 27/45 MP: 0/0
  4664 | D:4      | Learned a level 3 spell: Vhi's Electric Charge
  4882 | D:4      | Reached skill level 6 in Spellcasting
  4897 | D:4      | Identified the +1 cloak "Beff" {SInv}
  4950 | D:5      | Entered Level 5 of the Dungeon
  5388 | D:2      | Bought a glowing helmet for 195 gold pieces
  5572 | D:5      | Reached XP level 8. HP: 45/50 MP: 0/0
  6143 | D:6      | Reached skill level 7 in Spellcasting
  6520 | D:6      | Reached skill level 8 in Spellcasting
  6989 | D:6      | Reached XP level 9. HP: 40/55 MP: 0/0
  6989 | D:6      | Learned a level 3 spell: Summon Guardian Golem
  7209 | D:7      | Reached * piety under Ashenzari
  7225 | D:7      | Found a shimmering altar of Xom.
  7225 | D:7      | Noticed a brown ugly thing
  7239 | D:7      | Killed a brown ugly thing
  7240 | D:7      | Reached skill level 9 in Spellcasting
  7914 | D:7      | Reached skill level 10 in Spellcasting
  7914 | D:7      | Reached XP level 10. HP: 44/60 MP: 0/0
  8087 | D:7      | Reached ** piety under Ashenzari
  8111 | D:6      | Found Kufrew's Antique Armour Boutique.
  8505 | D:6      | Reached skill level 11 in Spellcasting
  8873 | D:6      | Bought a slimy leather armour for 154 gold pieces
  8873 | D:6      | Identified the +4 leather armour of a treasure trove {Str+2
                  | Int+2} (You bought it in a shop on level 6 of the Dungeon)
  9062 | D:7      | Found a glowing golden altar of the Shining One.
 10047 | D:8      | Reached skill level 1 in Armour
 10447 | D:8      | Reached skill level 5 in Dodging
 10671 | D:8      | Reached skill level 1 in Fighting
 10671 | D:8      | Reached XP level 11. HP: 56/67 MP: 0/0
 10671 | D:8      | Learned a level 5 spell: Irradiate
 11576 | D:9      | Reached skill level 1 in Short Blades
 12061 | D:9      | Reached *** piety under Ashenzari
 12306 | D:10     | Entered Level 10 of the Dungeon
 12365 | D:10     | Found a staircase to the Lair.
 12557 | D:10     | Reached skill level 5 in Short Blades
 12606 | D:10     | Noticed a cyclops
 12614 | D:10     | Killed a cyclops
 12650 | D:10     | Noticed a cyclops
 12664 | D:10     | Killed a cyclops
 13006 | D:10     | Noticed a deep elf pyromancer
 13235 | D:10     | Killed a deep elf pyromancer
 13272 | D:10     | Noticed a manticore
 13279 | D:10     | Killed a manticore
 13280 | D:10     | Reached XP level 12. HP: 58/81 MP: 0/0
 13789 | Lair:1   | Entered Level 1 of the Lair of Beasts
 14097 | Lair:1   | Reached skill level 5 in Fighting
 14924 | Lair:1   | Reached **** piety under Ashenzari
 15569 | Lair:2   | Found a staircase to the Snake Pit.
 15799 | Lair:2   | Noticed an eight-headed hydra
 15806 | Lair:2   | Killed an eight-headed hydra
 15968 | Lair:2   | Noticed a five-headed hydra
 15968 | Lair:2   | Found a staircase to the Swamp.
 15980 | Lair:2   | Killed a five-headed hydra
 16873 | D:2      | Bought the +3 sling "Widowermaker" {vorpal, Fly} for 315
                  | gold pieces
 17302 | Lair:3   | Noticed a four-headed hydra
 17314 | Lair:3   | Reached skill level 10 in Fighting
 17318 | Lair:3   | Reached XP level 13. HP: 54/101 MP: 0/0
 17318 | Lair:3   | Learned a level 5 spell: Blade Hands
 17318 | Lair:3   | Killed a four-headed hydra
 17466 | Lair:3   | Identified the cursed +0 pair of gloves of Ashenzari's
                  | Irritation {Melee, Range} (You found it on level 6 of the
                  | Dungeon)
 17565 | Lair:3   | Reached skill level 1 in Unarmed Combat
 17791 | Lair:3   | Reached ***** piety under Ashenzari
 18389 | Lair:4   | Noticed Sonja
 18455 | Lair:4   | Killed Sonja
 18757 | Lair:4   | Reached skill level 5 in Unarmed Combat
 18976 | Lair:4   | Reached skill level 5 in Stealth
 19500 | Lair:5   | Entered Level 5 of the Lair of Beasts
 21454 | Lair:5   | Noticed a fire dragon
 21737 | Lair:5   | Reached XP level 14. HP: 110/110 MP: 0/0
 22327 | Lair:5   | Found a viscous altar of Jiyva.
 22328 | Lair:5   | Found a staircase to the Slime Pits.
 22391 | Lair:5   | Reached skill level 1 in Long Blades
 24034 | Lair:5   | Reached skill level 12 in Spellcasting
 25615 | D:11     | Reached skill level 1 in Evocations
 25837 | D:11     | Found a staircase to the Orcish Mines.
 25883 | D:11     | Reached XP level 15. HP: 100/120 MP: 0/0
 25883 | D:11     | Learned a level 6 spell: Eringya's Noxious Bog
 26384 | D:11     | Noticed Maurice
 26395 | D:11     | Killed Maurice
 26998 | D:12     | Found a portal to a secret trove of treasure.
 28963 | D:13     | Reached skill level 10 in Unarmed Combat
 29500 | D:13     | Found a gate to the Vaults.
 30802 | D:14     | Reached skill level 1 in Shields
 31625 | Abyss:1  | Cast into level 1 of the Abyss (molten gargoyle)
 31756 | Abyss:1  | HP: 6/120 [sixfirhy (9)]
 31765 | D:14     | Escaped the Abyss
 32427 | D:15     | Entered Level 15 of the Dungeon
 32453 | D:15     | Reached XP level 16. HP: 126/126 MP: 0/0
 32641 | D:15     | Identified the +7 shortbow of the Ghost {vorpal, rPois rN+}
 32661 | D:15     | Found a staircase to the Depths.
 33237 | D:15     | Found a white marble altar of Elyvilon.
 33944 | D:15     | Noticed Roxanne
 34788 | Orc:1    | Entered Level 1 of the Orcish Mines
 34788 | Orc:1    | Found Zutor's Jewellery Boutique.
 34799 | Orc:1    | Found Arec's General Store.
 34802 | Orc:1    | Found Exeu's Jewellery Boutique.
 34809 | Orc:1    | Bought a potion of curing for 51 gold pieces
 34809 | Orc:1    | Bought a wand of quicksilver (2) for 142 gold pieces
 34809 | Orc:1    | Bought a scroll of teleportation for 51 gold pieces
 35009 | Orc:1    | Found Vacidemu's Weapon Shoppe.
 35015 | Orc:1    | Bought 4 boomerangs of dispersal for 72 gold pieces
 35016 | Orc:1    | Found Huumneaph's Jewellery Boutique.
 35487 | Orc:2    | Entered Level 2 of the Orcish Mines
 35522 | Orc:2    | Noticed Urug
 35523 | Orc:2    | Noticed Rupert
 35531 | Orc:2    | Killed Rupert
 35534 | Orc:2    | Killed Urug
 35837 | Orc:2    | Noticed Snorg
 35850 | Orc:2    | Killed Snorg
 36578 | Orc:2    | Found a staircase to the Elven Halls.
 37410 | Orc:2    | Paralysed by an orc sorcerer for 4 turns
 37734 | Orc:2    | Found Goed's General Store.
 37891 | Orc:2    | Found Oceuz's Antique Armour Boutique.
 37900 | Orc:2    | Bought a glowing hat for 133 gold pieces
 37910 | Orc:2    | Found Zoydocaq's Book Boutique.
 37929 | Orc:2    | Found Rypok's Antique Weapon Boutique.
 38705 | Snake:1  | Entered Level 1 of the Snake Pit
 38707 | Snake:1  | Reached skill level 1 in Ranged Weapons
 38952 | Snake:1  | Found a runed translucent door.
 38952 | Snake:1  | Found a shimmering altar of Xom.
 38952 | Snake:1  | Noticed Josuitwi's ghost (adept MfGl)
 40194 | Snake:1  | Identified the cursed +1 helmet "Oracular Fetters" {Evo,
                  | Fort} (You bought it in a shop on level 2 of the Dungeon)
 41066 | Snake:1  | Reached skill level 5 in Ranged Weapons
 41545 | Snake:1  | Reached XP level 17. HP: 97/132 MP: 0/0
 41545 | Snake:1  | Learned a level 7 spell: Ozocubu's Refrigeration
 42528 | Snake:1  | Found a runed translucent gate.
 42529 | Snake:1  | Found a runed translucent gate.
 42529 | Snake:1  | Found a runed translucent gate.
 44632 | Snake:2  | Noticed Asterion
 45519 | Snake:2  | Noticed Aizul
 45531 | Snake:2  | Killed Aizul
 45827 | Snake:2  | HP: 2/132 [naga sharpshooter/arrow (14)]
 46836 | Snake:2  | Reached skill level 13 in Spellcasting
 47225 | Snake:2  | Killed Asterion
 47234 | Snake:2  | Noticed a thorn hunter
 47246 | Snake:2  | Killed a thorn hunter
 48373 | Snake:2  | Noticed a tentacled monstrosity
 48606 | Snake:2  | Killed a tentacled monstrosity
 49400 | Snake:3  | Identified the cursed +3 buckler of the Tethered Blue Moon
                  | {Self, Fort} (You found it on level 14 of the Dungeon)
 49553 | Snake:3  | Reached skill level 14 in Spellcasting
 50011 | Snake:3  | Reached XP level 18. HP: 122/141 MP: 0/0
 50957 | Snake:3  | Found Aisi's Alliterative Accessories.
 50979 | Snake:3  | Bought a scroll of acquirement for 884 gold pieces
 50979 | Snake:3  | Acquired a scarf of repulsion
 51385 | Snake:4  | Entered Level 4 of the Snake Pit
 52438 | Snake:4  | Found a sacrificial altar of Ru.
 52843 | Snake:4  | Found Fyobio's Jewellery Boutique.
 54048 | Snake:4  | Reached skill level 15 in Spellcasting
 56545 | Snake:4  | Identified the +1 pair of boots "Lethi" {rF+ Str+4 Dex-5}
 57129 | Snake:4  | Reached XP level 19. HP: 115/147 MP: 0/0
 57129 | Snake:4  | Learned a level 6 spell: Statue Form
 57132 | Snake:4  | Reached skill level 16 in Spellcasting
 57754 | Snake:4  | Got a serpentine rune of Zot
 58093 | Swamp:1  | Entered Level 1 of the Swamp
 60304 | Swamp:1  | Identified the +9 storm dragon scales "Vocachud" {rElec
                  | rN+}
 62357 | Swamp:2  | Reached skill level 5 in Armour
 64633 | Swamp:4  | Entered Level 4 of the Swamp
 68453 | Swamp:4  | Reached XP level 20. HP: 134/155 MP: 0/0
 68787 | Swamp:4  | Got a decaying rune of Zot
 69291 | Elf:1    | Entered Level 1 of the Elven Halls
 69443 | Elf:1    | Killed from afar by a deep elf zephyrmancer

Illustrated notes

Levels and vault maps discovered:
D:1:      minmay_arrival_loop, layout_rooms,
          shapermc_ecumenical_altar_mp_ritualfount, dreamdust_wishing_well,
          chequers_hall_statues_y, grunt_decor_fettered
D:2:      minmay_razor_zed, layout_basic, serial_shops, nicolae_shop_waterfront,
          nicolae_shop_bloodbath_and_beyond, shop, nicolae_shop_behind_doors,
          nicolae_shop_advertising_works [nicolae_subvault_shop_adworks],
          uniq_crazy_yiuf_cottage
D:3:      layout_loops_ring, pdpol_temple_overflow_zin_treasury_gozag_greed,
          nicolae_hepliaklqana_hazy_memory, grunt_decor_arrowhead
D:4:      nicolae_cairo_tiling_large_dashed, layout_loops_ring,
          minmay_temple_entry_water_ring, minmay_door_square, uniq_eustachio,
          uniq_blork_the_orc
D:5:      layout_gridville
D:6:      layout_basic, old_standard_altar, nicolae_yredelemnul_corpse_copse,
          mainiacjoe_overflow_alcove_2, serial_shops,
          nicolae_shop_hallway_stairs
D:7:      layout_gridville, xom_confusion_cloud, nicolae_overflow_hidden_temple
D:8:      layout_rooms, nicolae_vehumet_altar_sigil
D:9:      layout_big_octagon, minivault_14, st_stairs_13
D:10:     hangedman_cross_stitches, layout_gridville
D:11:     layout_long_grid, orc_0_dummy, uniq_maurice
D:12:     layout_grid_maze, enter_trove_6, hangedman_cracks_in_the_wall
D:13:     layout_basic, erik_vaults_1
D:14:     layout_cave_pools, minivault_24, chequers_serial_rivers_marsh,
          minivault_8
D:15:     grunt_enter_depths_hoard, layout_basic, nicolae_elyvilon_temple_path,
          uniq_roxanne
Temple:   hellmonk_temple_two_chambers
Lair:1:   layout_cave_pods, serial_bayou, serial_bayou_pond_d,
          serial_bayou_pond_c, serial_bayou_lake_a, serial_bayou_ford_a,
          minivault_26, minmay_lair_oklob_bushes, serial_bayou_shore_b,
          serial_bayou_shore_b
Lair:2:   layout_cave_pods, palyth_hydra_swamp_entry,
          minmay_snake_entry_spellcaster, chequers_serial_rivers_large_a
Lair:3:   layout_cellular_growth, pond, grunt_megastairs_1, serial_bayou_shore_a
Lair:4:   layout_regular_city, lemuel_fruit_tree, grunt_megastairs_2, uniq_sonja
Lair:5:   guppyfry_lair_end_dragon, layout_small_grid, hangedman_lair_in_review,
          nicolae_slime_entry_slimehenge
Swamp:1:  layout_basic_swamp, serial_swamp_ruin, evilmike_swamp_ruin_rubble_1,
          evilmike_swamp_ruin_house_3, nicolae_swamp_hydra_murder_den
Swamp:2:  layout_basic_swamp, wheals_swamp_sinkhole
Swamp:3:  layout_falls_marsh, evilmike_swamp_ruin_rubble_2, swamp_pool1
Swamp:4:  swamp_icy, layout_basic_swamp, swamp_pool1
Snake:1:  layout_gridlike, ebering_ghost_xom, nicolae_snake_horde_hoard
Snake:2:  onia_ninara_swampy_vault, layout_rooms, uniq_aizul, uniq_asterion
Snake:3:  layout_onion_interference, nicolae_alphabet_shops
Snake:4:  grunt_snake_rune_spirals, layout_onion, serial_shops,
          nicolae_shop_crystal, basic_altar
Orc:1:    layout_caves, basic_altar, serial_shops, nicolae_shop_trees,
          shop_fountains, nicolae_shop_stone, shop_fountains, shop_statue
Orc:2:    grunt_orc_cross, layout_diamond_mine, basic_altar, uniq_rupert,
          uniq_urug, uniq_snorg
Elf:1:    eino_elf_arrival_customs, layout_geoelf_diagonals, evilmike_minifort

Skill      XL: |  1  2  3  4  5  6  7  8  9 10 11 12 13 14 15 16 17 18 19 |
---------------+----------------------------------------------------------+-----
Stealth        | 2 5 |  5.6
Dodging        | 3 5 7 9 |  9.5
Spellcasting   | 4 5 6 8 10 11 12 14 15 16 | 16.3
Armour         | 3 9 |  9.9
Fighting       | 1 4 10 11 12 13 14 | 14.6
Short Blades   | 7 8 |  8.4
Unarmed Combat | 7 12 13 | 13.8
Long Blades    | 2 |  2.4
Evocations     | 2 3 |  3.4
Shields        | 3 |  3.9
Ranged Weapons | 5 8 |  8.4

Action                   |  1- 3 |  4- 6 |  7- 9 | 10-12 | 13-15 | 16-18 | 19-21 || total
-------------------------+-------+-------+-------+-------+-------+-------+-------++-------
Melee: Dagger            |     9 |    42 |   209 |   470 |   669 |   518 |   131 ||  2048
       Punch             |       |       |     2 |     7 |   106 |    22 |     4 ||   141
       Unarmed           |       |       |       |       |   331 |   208 |    25 ||   564
       Demon blade       |       |       |       |       |       |    60 |   287 ||   347
       Sling             |       |       |       |       |       |     1 |       ||     1
 Fire: Sling             |    70 |   140 |       |       |    15 |   628 |    62 ||   915
Throw: Dart              |       |       |       |     1 |     1 |       |       ||     2
       Javelin           |       |       |       |       |       |       |     1 ||     1
 Cast: Freeze            |    11 |    26 |     4 |       |       |       |       ||    41
       Slow              |       |     3 |       |       |     1 |       |     1 ||     5
       Frozen Ramparts   |       |     3 |     9 |    29 |    24 |    36 |     2 ||   103
       Ozocubu's Armour  |       |     1 |     3 |     3 |     3 |     9 |     2 ||    21
       Ensorcelled Hiber |       |    12 |     1 |     7 |     7 |     1 |       ||    28
       Vhi's Electric Ch |       |       |     5 |       |     5 |     3 |     1 ||    14
       Summon Ice Beast  |       |       |     3 |    22 |    18 |     3 |     1 ||    47
       Summon Guardian G |       |       |     1 |     7 |     5 |     2 |     1 ||    16
       Irradiate         |       |       |       |     6 |     6 |    19 |    25 ||    56
       Blade Hands       |       |       |       |       |    48 |    33 |     7 ||    88
       Eringya's Noxious |       |       |       |       |     2 |    54 |    18 ||    74
       Ozocubu's Refrige |       |       |       |       |       |    59 |    59 ||   118
       Statue Form       |       |       |       |       |       |       |     8 ||     8
Invok: Curse Item        |       |       |     2 |     5 |     1 |     1 |     1 ||    10
       Shatter the Chain |       |       |       |     1 |       |     1 |     2 ||     4
 Abil: End Transformatio |       |       |       |       |     5 |     1 |       ||     6
Evoke: Wand              |       |       |       |     6 |     9 |    13 |     3 ||    31
       Phial of floods   |       |       |       |       |     2 |     3 |       ||     5
  Use: Scroll            |       |     8 |     6 |     5 |    12 |    10 |     7 ||    48
       Potion            |       |     1 |     4 |     3 |     6 |     9 |     4 ||    27
 Stab: Sleeping          |       |     5 |     3 |    11 |    20 |    14 |     5 ||    58
       Distracted        |       |       |     1 |     2 |     7 |     1 |     4 ||    15
       Paralysed         |       |       |       |       |       |     1 |       ||     1
Armor: Robe              |     9 |    23 |    64 |    13 |       |       |       ||   109
       Leather armour    |       |       |       |   109 |   230 |   181 |    72 ||   592
       Skin              |       |       |       |       |       |     1 |    63 ||    64
       Ice dragon scales |       |       |       |       |       |       |    65 ||    65
Dodge: Dodged            |    37 |   112 |   117 |   247 |   489 |   452 |   222 ||  1676
       Repelled          |       |       |       |       |       |    17 |    11 ||    28
Block: Other             |       |     6 |    42 |    95 |   165 |    39 |     5 ||   352
       Reflection        |       |       |     1 |     1 |    19 |    99 |     8 ||   128
       Buckler           |       |       |       |       |    27 |   398 |   306 ||   731

Table legend: (Time is in decaauts)
 A = Elapsed time spent in this place.
 B = Non-inter-level travel time spent in this place.
 C = Inter-level travel time spent in this place.
 D = Time resting spent in this place.
 E = Time spent auto-exploring this place.
 F = Levels seen in this place.
 G = Mean time per level.
                   A        B        C        D        E       F      G
               +--------+--------+--------+--------+--------+-----+--------+
         Total |  68830 |  66037 |   2793 |  37097 |  16614 |  33 | 2085.8 |
       Dungeon |  23471 |  22105 |   1366 |   8697 |   8819 |  15 | 1564.7 |
        Temple |     20 |     11 |      9 |      0 |      0 |   1 |   20.0 |
          Lair |  11797 |  10981 |    816 |   4912 |   3694 |   5 | 2359.4 |
         Swamp |  10942 |  10778 |    164 |   7551 |   1653 |   4 | 2735.5 |
     Snake Pit |  18495 |  18236 |    259 |  13766 |   1669 |   4 | 4623.8 |
  Orcish Mines |   3914 |   3737 |    177 |   2132 |    779 |   2 | 1957.0 |
   Elven Halls |     62 |     62 |      0 |      0 |      0 |   1 |   62.0 |
         Abyss |    126 |    126 |      0 |     38 |      0 |   1 |  126.0 |
               +--------+--------+--------+--------+--------+-----+--------+

Top non-repeatable levels by time:
 Snake:4: 5785 daAuts
 Snake:1: 5774 daAuts
 Snake:2: 4514 daAuts
  Lair:5: 4447 daAuts
 Swamp:4: 3706 daAuts
   Orc:2: 2929 daAuts
    D:12: 2849 daAuts
 Swamp:2: 2486 daAuts
 Swamp:1: 2470 daAuts
 Snake:3: 2421 daAuts
  Lair:2: 2404 daAuts
 Swamp:3: 2278 daAuts
    D:15: 2243 daAuts
  Lair:4: 2212 daAuts
     D:6: 2082 daAuts
